AoeStats
← Lu's Clues

Glade

503532167Analyzed
1v1 RM · 2mo ago on Sep 1, 2026· 57m 22s· 2 players
Game mode
Random Map
Map size
Tiny (2 player)
Population
200
Speed
Normal
Resources
Standard
Victory
Conquest
Starting age
Dark Age
Ending age
Imperial Age
RankedLock teamsTeams togetherTeam positionsShared explorationLock speedFull tech treeHidden civsTurbo modeCheats
Victory
Defeat
🇦🇷 Franks · Argentina
477
+16
vs
🇺🇸 Sicilians · United States
473
-16
Lu's Clues
0:39 Loom
10:18 Feudal Age
11:59 Wheelbarrow
12:50 Arson
13:30 Double-Bit Axe
13:34 Horse Collar
21:25 Fletching
23:06 Bloodlines
22:59 Town Watch
26:18 Scale Mail Armor
26:30 Forging
25:48 Man-at-Arms
29:10 Castle Age
31:18 Hand Cart
31:04 Town Patrol
31:17 Husbandry
30:40 Light Cavalry
30:55 Elite Skirmisher
32:41 Pikeman
38:20 Crossbowman
39:07 Bodkin Arrow
39:48 Iron Casting
41:05 Long Swordsman
41:31 Gambesons
41:51 Squires
46:19 Murder Holes
46:37 Masonry
51:39 Padded Archer Armor
51:54 Chain Mail Armor
51:45 Scale Barding Armor
57:00 Imperial Age
55:46 First Crusade
DiegoDiez103846
12:16 Feudal Age
13:01 Town Watch
13:51 Man-at-Arms
14:42 Double-Bit Axe
22:18 Castle Age
23:03 Forging
22:53 Scale Mail Armor
23:26 Stone Mining
24:16 Gambesons
23:51 Long Swordsman
26:54 Wheelbarrow
27:31 Fletching
28:17 Iron Casting
27:58 Chain Mail Armor
28:41 Bodkin Arrow
29:04 Chain Mail Armor
30:28 #83
30:45 Bow Saw
32:12 Hand Cart
32:49 Town Patrol
39:15 Imperial Age
38:31 Murder Holes
39:20 Elite Throwing Axeman
40:39 Plate Mail Armor
42:24 Husbandry
48:31 Gold Mining
50:57 Chemistry
50:10 Fervor
Connection lost

Rejoining the realm…

Still unreachable

The connection could not be restored.

Session expired

The server has moved on; the page needs a fresh start.